 Dungeon Crawl Stone Soup version 0.30-a0-122-g2a1322497e (webtiles) character file.

Game seed: 9980910707283254192

60 Dreamer the Insei (level 4, 0/29 HPs)
             Began as an Octopode Transmuter on Sept 15, 2022.
             Slain by a gnoll
             ... wielding a +0 flail
              (9 damage)
             ... on level 1 of the Dungeon.
             The game lasted 00:05:54 (2393 turns).

Dreamer the Insei (Octopode Transmuter)             Turns: 2393, Time: 00:05:55

Health: 0/29       AC:  3    Str: 11    XL:     4   Next: 6%
Magic:  7/7        EV: 13    Int: 15    God:
Gold:   70         SH:  0    Dex: 12    Spells: 6/7 levels left

rFire   . . .      SeeInvis .    m - +0 short sword
rCold   . . .      Faith    .    (no shield)
rNeg    . . .      Spirit   .    l - +2 hat
rPois   +          Reflect  .    (no amulet)
rElec   .          Harm     .    f - ring of poison resistance
rCorr   .          Rampage  .    (no ring)
Will    .....                    (no ring)
Stlth   +++.......               (no ring)
HPRegen 0.09/turn                (no ring)
MPRegen 0.10/turn                (no ring)
                                 (no ring)
                                 (no ring)

@: no status effects
A: almost no armour, amphibious, 8 rings, camouflage 1, gelatinous body 1,
(nimble swimmer 1), tentacles
a: no special abilities


You were on level 1 of the Dungeon.
You visited 1 branch of the dungeon, and saw 2 of its levels.

You collected 70 gold pieces.

Inventory:

Hand Weapons
 m - a +0 short sword (weapon)
Missiles
 o - a throwing net
Armour
 l - a +2 hat (worn)
Jewellery
 f - a ring of poison resistance (left tentacle)
Wands
 k - a wand of quicksilver (10)
 n - a wand of iceblast (13)
Scrolls
 b - 3 scrolls of identify {unknown}
 h - a scroll of teleportation {unknown}
 i - a scroll of enchant armour {unknown}
 j - a scroll of blinking {unknown}
Potions
 a - a potion of lignification
 c - a potion of flight {unknown}
 d - a potion of attraction {unknown}
 e - a potion of brilliance {unknown}
 g - 2 potions of degeneration {unknown}


   Skills:
 + Level 1.9 Fighting
 + Level 2.4 Dodging
 + Level 1.6 Stealth
 + Level 3.2 Unarmed Combat
 + Level 2.4 Spellcasting
 + Level 2.4 Transmutations


You had 6 spell levels left.
You knew the following spells:

 Your Spells              Type           Power      Damage    Failure   Level
a - Beastly Appendage     Tmut           18%        N/A       8%          1

Your spell library contained the following spells:

 Spells                   Type           Power      Damage    Failure   Level
 Wereblood                Tmut           9%         N/A       12%         2
 Foxfire                  Conj/Fire      4%         2x1d4     22%         1
 Spider Form              Tmut/Pois      5%         N/A       36%         3
 Inner Flame              Hex/Fire       1%         N/A       54%         3
 Kindle Blastsparks       Fire/Tloc/Air  2%         2d10      54%         3
 Ice Form                 Ice/Tmut       5%         N/A       78%         4
 Flame Wave               Conj/Fire      1%         2d4       91%         4


Dungeon Overview and Level Annotations

Branches:
Dungeon (2/15)

Altars:


Innate Abilities, Weirdness & Mutations

You cannot wear most types of armour.
You are amphibious.
You can wear up to eight rings at the same time.
Your skin changes colour to match your surroundings (Stealth+).
Your rubbery body absorbs attacks. (AC +1, EV +1)
((You are camouflaged when in or above water. (Stealth+)))
You have tentacles for arms and can constrict up to eight enemies at once.


Message History

You have reached level 4!
You start resting.
HP restored.
You see here a +0 scale mail.
Things that are here:
a +0 short sword; 3 stones
o - a throwing net
Things that are here:
a +0 short sword; 3 stones A bat comes into view.
You hit the bat.
You kill the bat!
Done exploring.
You hit the plant.
The plant begins to die.
You grab the plant.
The plant is lightly damaged.
You constrict the plant. You completely miss the plant. You squeeze the plant.
The plant is lightly damaged.
You constrict the plant.
You release your grip on the plant.
A nearby plant withers and dies.
A gnoll comes into view. It is wielding a +0 halberd.
The gnoll shouts!
The gnoll hits you with a +0 flail! The gnoll completely misses you.
The gnoll shouts!
The gnoll attacks as you move away! The gnoll closely misses you.
The gnoll attacks as you move away! The gnoll misses you.
The gnoll attacks as you move away! The gnoll hits you with a +0 flail!
The gnoll attacks as you move away! The gnoll hits you with a +0 flail!
* * * LOW HITPOINT WARNING * * *
The gnoll attacks as you move away! The gnoll misses you.
There is a stone staircase leading up here.
The gnoll barely misses you.
You climb upwards.
There is a stone staircase leading down here.
You completely miss the gnoll. You grab the gnoll.
You constrict the gnoll, but do no damage.
The gnoll hits you with a +0 flail!
You die...

# #..........####.###.#####.#
###.###.###..# ### #.# #.#
.##.##..# #..# #.# #.#
#.#.#.#.###..# #.# #.#
##...##..##..########.# #.#
##.####..............# #.#
#.# #..#.#..######### #.#
###.####.#.#.#.#####...# #.#
......##..#_#...@g.....# #.#
#####.##.#.#.#..####...####.#
#.....#.#...# ##.......#
###..^.....## #########
##########


You could see a gnoll.

Vanquished Creatures
  A gnoll (D:2)
  An adder (D:2)
  3 dart slugs
  An endoplasm (D:1)
  10 giant cockroaches
  A hobgoblin (D:1)
  5 kobolds
  6 ball pythons
  4 bats
  2 frilled lizards
  A rat (D:1)
35 creatures vanquished.

Vanquished Creatures (others)
  20 plants (D:2)
20 creatures vanquished.

Grand Total: 55 creatures vanquished

Notes
Turn   | Place    | Note
-------+----------+-------------------------------------------
     0 | D:1      | Dreamer the Octopode Transmuter began the quest for the
                  | Orb.
     0 | D:1      | Reached XP level 1. HP: 13/13 MP: 3/3
   351 | D:1      | Found a faded altar of an unknown god.
   488 | D:1      | Reached XP level 2. HP: 4/18 MP: 5/5
  1435 | D:2      | Reached skill level 1 in Stealth
  1439 | D:2      | Reached XP level 3. HP: 22/23 MP: 6/6
  1470 | D:2      | Identified the +1 scale mail "Ytumiv" {rCorr Str-2 Stlth+}
  2215 | D:2      | Reached XP level 4. HP: 21/29 MP: 7/7
  2393 | D:1      | Slain by a gnoll

Illustrated notes

Levels and vault maps discovered:
D:1:      dpeg_arrival_round_b, layout_loops_ring,
          chequers_ecumenical_altar_simple_redux
D:2:      minmay_roachtagon, layout_rooms, nicolae_grassy_gnolls

Skill      XL: |  1  2 |
---------------+-------+-----
Stealth        | 1 |  1.6
Fighting       | |  1.9
Dodging        | |  2.4
Unarmed Combat | |  3.2
Spellcasting   | |  2.4
Transmutations | |  2.4

Action                   |  1- 3 |  4- 6 || total
-------------------------+-------+-------++-------
Melee: Unarmed           |    39 |       ||    39
       Constrict         |    19 |     2 ||    21
       Tentacles         |    20 |     1 ||    21
       Spear             |    26 |       ||    26
       Club              |     4 |       ||     4
       Short sword       |    24 |     4 ||    28
       Punch             |     1 |       ||     1
 Stab: Sleeping          |     7 |       ||     7
Armor: Skin              |    11 |       ||    11
Dodge: Dodged            |    47 |     5 ||    52

Table legend: (Time is in decaauts)
 A = Elapsed time spent in this place.
 B = Non-inter-level travel time spent in this place.
 C = Inter-level travel time spent in this place.
 D = Time resting spent in this place.
 E = Time spent auto-exploring this place.
 F = Levels seen in this place.
 G = Mean time per level.
                   A        B        C        D        E       F      G
               +--------+--------+--------+--------+--------+-----+--------+
         Total |   2392 |   2368 |     24 |    949 |    998 |   2 | 1196.0 |
       Dungeon |   2392 |   2368 |     24 |    949 |    998 |   2 | 1196.0 |
               +--------+--------+--------+--------+--------+-----+--------+

Top non-repeatable levels by time:
     D:1: 1231 daAuts
     D:2: 1160 daAuts
